3L
NASHVILLE OUTLAWS @ MONTANA PANDAS
09/25/2042
 
TOP OF THE 1ST
Nashville Outlaws batting - Pitching for Montana Pandas : LHP Hervé Favier
Pitching: LHP Hervé Favier
Batting: LHB Daniel Page 0-0: Ball
1-0: Called Strike
1-1: Foul Ball, location: 2F
1-2: Ball
2-2: Foul Ball, location: 2F
2-2: Ground out 6-3 (Groundball, 56, EV 99.4 MPH)
Batting: LHB Juan Santángel 0-0: Ball
1-0: Fly out, F7 (Line Drive, 7, EV 94.4 MPH)
Batting: RHB Shimei Miura 0-0: Ball
1-0: Swinging Strike
1-1: Foul Ball, location: 2F
1-2: Foul Ball, location: 2F
1-2: SINGLE (Groundball, 6D, EV 100.6 MPH)
Batting: LHB Nikolai Volkoff 0-0: Fielders Choice at 2nd, 6-4 (Groundball, 6, EV 104.4 MPH)
Top of the 1st over - 0 runs, 1 hit, 0 errors, 1 left on base; Nashville 0 - Montana 0
BOTTOM OF THE 1ST
Montana Pandas batting - Pitching for Nashville Outlaws : RHP Greg Poe
Pitching: RHP Greg Poe
Batting: SHB Gerrie Bond 0-0: Called Strike
0-1: Ground out 4-3 (Groundball, 4S, EV 71.2 MPH)
Batting: LHB Robbie Brendle 0-0: Ball
1-0: Ball
2-0: Fly out, F9 (Line Drive, 9, EV 98.8 MPH)
Batting: LHB Dean Jackson 0-0: Ball
1-0: Ball
2-0: Ground out 1-3 (Groundball, 15, EV 92.5 MPH)
Bottom of the 1st over - 0 runs, 0 hits, 0 errors, 0 left on base; Nashville 0 - Montana 0
TOP OF THE 2ND
Nashville Outlaws batting - Pitching for Montana Pandas : LHP Hervé Favier
Batting: RHB Bastiaan Pieterse 0-0: Called Strike
0-1: Ball
1-1: Fly out, F8 (Line Drive, 8LD, EV 90.0 MPH)
Batting: RHB Broderick Sarcoma 0-0: Called Strike
0-1: SINGLE (Groundball, 6D, EV 101.9 MPH)
Batting: LHB Bartolo Soto 0-0: Fielders Choice at 2nd, 5-4 (Groundball, 5L, EV 88.8 MPH)
Batting: LHB Duff Eckstein 0-0: Ball
1-0: Ball
2-0: Called Strike
2-1: Foul Ball, location: 2F
2-2: Ground out U3 (Groundball, 3L, EV 82.5 MPH)
Top of the 2nd over - 0 runs, 1 hit, 0 errors, 1 left on base; Nashville 0 - Montana 0
BOTTOM OF THE 2ND
Montana Pandas batting - Pitching for Nashville Outlaws : RHP Greg Poe
Batting: LHB Bharti Mona 0-0: Ball
1-0: Ball
2-0: Ball
3-0: Swinging Strike
3-1: Ground out 4-3 (Groundball, 4D, EV 86.2 MPH)
Batting: RHB Tony Randolph 0-0: Ground out 6-3 (Groundball, 6M, EV 105.6 MPH)
Batting: SHB Chris Piña 0-0: Called Strike
0-1: Called Strike
0-2: Ball
1-2: Ball
2-2: Ball
3-2: Base on Balls
Batting: LHB António Casas 0-0: Called Strike
0-1: Ball
1-1: Ball
2-1: Foul Ball, location: 2F
2-2: Foul Ball, location: 2F
2-2: SINGLE (Line Drive, 78S, EV 110.6 MPH)
Chris Piña to second
Batting: RHB José Santos 0-0: Called Strike
0-1: Foul Ball, location: 2F
0-2: Foul Ball, location: 2F
0-2: Ball
1-2: Ball
2-2: SINGLE (Flyball, 89S, EV 93.1 MPH)
Chris Piña to third
António Casas to second
Runner from 3rd tries for Home, SAFE, throw by RF to home
Batting: LHB Hsui-chuan Tsou 0-0: Ball
1-0: Called Strike
1-1: Ball
2-1: Ball
3-1: Ground out 4-3 (Groundball, 34, EV 100.6 MPH)
Bottom of the 2nd over - 1 run, 2 hits, 0 errors, 2 left on base; Nashville 0 - Montana 1
TOP OF THE 3RD
Nashville Outlaws batting - Pitching for Montana Pandas : LHP Hervé Favier
Batting: LHB Wilson Hernández 0-0: Ground out 1-3 (Groundball, P, EV 77.5 MPH)
Batting: LHB Daniel Page 0-0: Fly out, F9 (Flyball, 9LS, EV 89.4 MPH)
Batting: LHB Juan Santángel 0-0: Ground out 4-3 (Groundball, 4, EV 90.6 MPH)
Top of the 3rd over - 0 runs, 0 hits, 0 errors, 0 left on base; Nashville 0 - Montana 1
BOTTOM OF THE 3RD
Montana Pandas batting - Pitching for Nashville Outlaws : RHP Greg Poe
Batting: SHB Gerrie Bond 0-0: Ball
1-0: Fly out, F7 (Flyball, 78M, EV 90.6 MPH)
Batting: LHB Robbie Brendle 0-0: Ball
1-0: Swinging Strike
1-1: Ball
2-1: Ball
3-1: Foul Ball, location: 2F
3-2: Ground out 3-1 (Groundball, 34, EV 106.9 MPH)
Batting: LHB Dean Jackson 0-0: Called Strike
0-1: Swinging Strike
0-2: DOUBLE (Groundball, 3D, EV 96.9 MPH)
Batting: LHB Bharti Mona 0-0: Ball
1-0: Ball
2-0: Ground out 4-3 (Groundball, 4, EV 97.5 MPH)
Bottom of the 3rd over - 0 runs, 1 hit, 0 errors, 1 left on base; Nashville 0 - Montana 1
TOP OF THE 4TH
Nashville Outlaws batting - Pitching for Montana Pandas : LHP Hervé Favier
Batting: RHB Shimei Miura 0-0: DOUBLE (Line Drive, 7LM, EV 101.9 MPH)
Batting: LHB Nikolai Volkoff 0-0: Called Strike
0-1: Swinging Strike
0-2: Fly out, F4 (Popup, 34, EV 73.8 MPH)
Batting: RHB Bastiaan Pieterse 0-0: Ball
1-0: Ball
2-0: Foul Ball, location: 2F
2-1: Fly out, F9 (Flyball, 89S, EV 93.8 MPH)
Batting: RHB Broderick Sarcoma 0-0: Ball
1-0: Ball
2-0: Called Strike
2-1: Ball
3-1: Base on Balls
Batting: LHB Bartolo Soto 0-0: Called Strike
0-1: Ball
1-1: Swinging Strike
1-2: Foul Ball, location: 2F
1-2: Ball
2-2: SINGLE (Groundball, 4D, EV 96.2 MPH)
Shimei Miura to third
Broderick Sarcoma to second
Runner from 3rd tries for Home, SAFE, no throw by RF
Batting: LHB Duff Eckstein 0-0: Ball
1-0: Fly out, F8 (Flyball, 8RD, EV 78.1 MPH)
Top of the 4th over - 1 run, 2 hits, 0 errors, 2 left on base; Nashville 1 - Montana 1
BOTTOM OF THE 4TH
Montana Pandas batting - Pitching for Nashville Outlaws : RHP Greg Poe
Batting: RHB Tony Randolph 0-0: Ball
1-0: Foul Ball, location: 2F
1-1: Ball
2-1: Ball
3-1: Base on Balls
Batting: SHB Chris Piña 0-0: Ball
1-0: Ball
2-0: Ball
3-0: Base on Balls
Tony Randolph to second
Batting: LHB António Casas 0-0: Ball
1-0: SINGLE (Line Drive, 8RS, EV 88.1 MPH)
Tony Randolph to third
Chris Piña to second
Batting: RHB José Santos 0-0: Called Strike
0-1: Ball
1-1: Called Strike
1-2: Strikes out looking
Batting: LHB Hsui-chuan Tsou 0-0: Ball
1-0: Ball
2-0: Called Strike
2-1: Ball
3-1: Foul Ball, location: 2F
3-2: Base on Balls
Tony Randolph scores
Chris Piña to third
António Casas to second
Batting: SHB Gerrie Bond 0-0: Ball
1-0: Called Strike
1-1: Ball
2-1: Foul Ball, location: 2F
2-2: Foul Ball, location: 2F
2-2: Fly out, F7 (Flyball, 7, EV 91.9 MPH)
Runner from 3rd tags up, OUT at HOME! 7-2
Bottom of the 4th over - 1 run, 1 hit, 0 errors, 2 left on base; Nashville 1 - Montana 2
TOP OF THE 5TH
Nashville Outlaws batting - Pitching for Montana Pandas : LHP Hervé Favier
Batting: LHB Wilson Hernández 0-0: Foul Ball, location: 2F
0-1: Ball
1-1: Ground out 4-3 (Groundball, 34, EV 79.4 MPH)
Batting: LHB Daniel Page 0-0: Called Strike
0-1: Ground out 4-3 (Groundball, 34, EV 86.9 MPH)
Batting: LHB Juan Santángel 0-0: Ball
1-0: SINGLE (Line Drive, 56D, EV 108.8 MPH)
Batting: RHB Shimei Miura 0-0: Ball
Juan Santángel steals 2nd base
1-0: Ground out 5-3 (Groundball, 5, EV 89.4 MPH)
Top of the 5th over - 0 runs, 1 hit, 0 errors, 1 left on base; Nashville 1 - Montana 2
BOTTOM OF THE 5TH
Montana Pandas batting - Pitching for Nashville Outlaws : RHP Greg Poe
Batting: LHB Robbie Brendle 0-0: Ball
1-0: Ball
2-0: Ball
3-0: Base on Balls
Batting: LHB Dean Jackson 0-0: Called Strike
0-1: Foul Ball, location: 2F
0-2: Ball
1-2: DOUBLE (Line Drive, 78XD, EV 103.8 MPH)
Robbie Brendle to third
Batting: LHB Bharti Mona 0-0: Fly out, F4 (Line Drive, 4, EV 71.9 MPH)
Batting: RHB Tony Randolph 0-0: Ball
1-0: Ball
2-0: Ball
3-0: Base on Balls
Batting: SHB Chris Piña 0-0: Fielders Choice at 2nd, 4-6 (Groundball, 4, EV 79.4 MPH)
Robbie Brendle scores
Dean Jackson to third
Batting: LHB António Casas 0-0: Ground out 4-3 (Groundball, 34, EV 81.9 MPH)
Bottom of the 5th over - 1 run, 1 hit, 0 errors, 2 left on base; Nashville 1 - Montana 3
TOP OF THE 6TH
Nashville Outlaws batting - Pitching for Montana Pandas : LHP Hervé Favier
Batting: LHB Nikolai Volkoff 0-0: Called Strike
0-1: SINGLE (Line Drive, 7, EV 85.6 MPH)
Batting: RHB Bastiaan Pieterse 0-0: Foul Ball, location: 2F
0-1: Ball
1-1: Ball
2-1: Foul Ball, location: 2F
2-2: Grounds into double play, 5-4-3 (Groundball, 56, EV 106.9 MPH)
Batting: RHB Broderick Sarcoma 0-0: Ball
1-0: Ball
2-0: Ball
3-0: Base on Balls
Batting: LHB Bartolo Soto 0-0: SINGLE (Flyball, 8LS, EV 89.4 MPH)
Broderick Sarcoma to second
Batting: LHB Duff Eckstein 0-0: Fielders Choice at 2nd, 6-4 (Groundball, 56, EV 102.5 MPH)
Top of the 6th over - 0 runs, 2 hits, 0 errors, 2 left on base; Nashville 1 - Montana 3
BOTTOM OF THE 6TH
Montana Pandas batting - Pitching for Nashville Outlaws : RHP Greg Poe
Batting: RHB José Santos 0-0: Ball
1-0: Foul Ball, location: 2F
1-1: Hit by Pitch
Batting: LHB Hsui-chuan Tsou 0-0: Ball
1-0: Called Strike
1-1: Foul Ball, location: 2F
1-2: Ball
2-2: Foul Ball, location: 2F
2-2: Ball
3-2: Base on Balls
José Santos to second
Batting: SHB Gerrie Bond 0-0: Ball
1-0: Ball
2-0: Ball
3-0: Base on Balls
José Santos to third
Hsui-chuan Tsou to second
Batting: LHB Robbie Brendle 0-0: Swinging Strike
0-1: Fly out, F6 (Line Drive, 6, EV 75.0 MPH)
Batting: LHB Dean Jackson 0-0: Ball
1-0: Fly out, F7 (Flyball, 7S, EV 83.8 MPH)
Pitching: RHP Tim Nesheim
Batting: LHB Bharti Mona 0-0: Called Strike
0-1: Foul Ball, location: 2F
0-2: Ball
1-2: Ground out U3 (Groundball, 3, EV 95.6 MPH)
Bottom of the 6th over - 0 runs, 0 hits, 0 errors, 3 left on base; Nashville 1 - Montana 3
TOP OF THE 7TH
Nashville Outlaws batting - Pitching for Montana Pandas : LHP Hervé Favier
Batting: LHB Wilson Hernández 0-0: Ball
1-0: Ball
2-0: SINGLE (Groundball, 4D, EV 103.8 MPH)
Batting: LHB Daniel Page 0-0: Ball
1-0: Ball
2-0: Bunt - Flyout to 3S! F3
Batting: LHB Juan Santángel 0-0: Ball
1-0: Ball
2-0: Fly out, F6 (Line Drive, 6, EV 61.2 MPH)
Batting: RHB Shimei Miura 0-0: Ball
Wilson Hernández steals 2nd base (no throw)
1-0: Swinging Strike
1-1: Ball
2-1: Ball
3-1: Called Strike
3-2: Foul Ball, location: 2F
3-2: Foul Ball, location: 2F
3-2: Foul Ball, location: 2F
3-2: Foul Ball, location: 2F
3-2: Foul Ball, location: 2F
3-2: Fly out, F8 (Line Drive, 8RM, EV 90.0 MPH)
Top of the 7th over - 0 runs, 1 hit, 0 errors, 1 left on base; Nashville 1 - Montana 3
BOTTOM OF THE 7TH
Montana Pandas batting - Pitching for Nashville Outlaws : RHP Tim Nesheim
Batting: RHB Tony Randolph 0-0: Ball
1-0: Fly out, F8 (Flyball, 89S, EV 90.0 MPH)
Batting: SHB Chris Piña 0-0: Foul Ball, location: 2F
0-1: Fly out, F7 (Flyball, 7S, EV 87.5 MPH)
Batting: LHB António Casas 0-0: Called Strike
0-1: Foul Ball, location: 2F
0-2: Fly out, F4 (Popup, 34S, EV 70.6 MPH)
Bottom of the 7th over - 0 runs, 0 hits, 0 errors, 0 left on base; Nashville 1 - Montana 3
TOP OF THE 8TH
Nashville Outlaws batting - Pitching for Montana Pandas : LHP Hervé Favier
Pitching: RHP Jim Sison
Batting: LHB Nikolai Volkoff 0-0: Swinging Strike
0-1: Ball
1-1: Swinging Strike
1-2: Strikes out swinging
Batting: RHB Bastiaan Pieterse 0-0: Called Strike
0-1: Ball
1-1: Foul Ball, location: 2F
1-2: Ball
2-2: Foul Ball, location: 2F
2-2: Ground out 4-3 (Groundball, 4, EV 85.6 MPH)
Batting: RHB Broderick Sarcoma 0-0: Called Strike
0-1: Foul Ball, location: 2F
0-2: Ball
1-2: Fly out, F6 (Popup, 15, EV 76.2 MPH)
Top of the 8th over - 0 runs, 0 hits, 0 errors, 0 left on base; Nashville 1 - Montana 3
BOTTOM OF THE 8TH
Montana Pandas batting - Pitching for Nashville Outlaws : RHP Tim Nesheim
Batting: RHB José Santos 0-0: Called Strike
0-1: Ball
1-1: Ball
2-1: Ball
3-1: Ground out 6-3 (Groundball, 6, EV 86.2 MPH)
Batting: LHB Hsui-chuan Tsou 0-0: Swinging Strike
0-1: Ball
1-1: Fly out, F8 (Flyball, 8RD, EV 101.9 MPH)
Batting: SHB Gerrie Bond 0-0: Foul Ball, location: 2F
0-1: Foul Ball, location: 2F
0-2: Foul Ball, location: 2F
0-2: Foul Ball, location: 2F
0-2: Strikes out swinging
Bottom of the 8th over - 0 runs, 0 hits, 0 errors, 0 left on base; Nashville 1 - Montana 3
TOP OF THE 9TH
Nashville Outlaws batting - Pitching for Montana Pandas : RHP Jim Sison
Pitching: RHP René Fontaine
Batting: LHB Bartolo Soto 0-0: Ball
1-0: Swinging Strike
1-1: Ball
2-1: Ground out U3 (Groundball, 34, EV 104.4 MPH)
Batting: LHB Duff Eckstein 0-0: Ball
1-0: Swinging Strike
1-1: Called Strike
1-2: Ball
2-2: Foul Ball, location: 2F
2-2: Foul Ball, location: 2F
2-2: SINGLE (Groundball, 4MD, EV 111.9 MPH)
Batting: LHB Wilson Hernández 0-0: Called Strike
0-1: Ball
1-1: Called Strike
1-2: Ball
2-2: Ball
3-2: Base on Balls
Duff Eckstein to second
Batting: LHB Daniel Page 0-0: Called Strike
0-1: Ball
1-1: SINGLE (Groundball, 4MD, EV 104.4 MPH)
Duff Eckstein to third
Wilson Hernández to second
Pitching: LHP Gil Herrera
Batting: LHB Juan Santángel 0-0: Ball
1-0: SINGLE (Flyball, 8RS, EV 97.5 MPH)
Duff Eckstein scores
Wilson Hernández to third
Daniel Page to second
Batting: RHB Shimei Miura 0-0: DOUBLE (Line Drive, 7LM, EV 102.5 MPH)
Wilson Hernández scores
Daniel Page scores
Juan Santángel to third
Batting: LHB Nikolai Volkoff 0-0: Ball
1-0: Swinging Strike
1-1: Ball
2-1: Fly out, F7 (Flyball, 7, EV 96.2 MPH)
Runner from 3rd tags up, OUT at HOME! 7-2
Top of the 9th over - 3 runs, 4 hits, 0 errors, 1 left on base; Nashville 4 - Montana 3
BOTTOM OF THE 9TH
Montana Pandas batting - Pitching for Nashville Outlaws : RHP Tim Nesheim
Pitching: RHP Mark Zaugg
Now at SS: Jiao-long Xú
Pinch Hitting: SHB Shun Komatsu 0-0: Called Strike
0-1: Ball
1-1: Ball
2-1: Called Strike
2-2: Ball
3-2: Ground out U3 (Groundball, 3S, EV 84.4 MPH)
Batting: LHB Dean Jackson 0-0: Foul Ball, location: 2F
0-1: Ball
1-1: Swinging Strike
1-2: Ball
2-2: Ball
3-2: Foul Ball, location: 2F
3-2: Strikes out swinging
Batting: LHB Bharti Mona 0-0: Ball
1-0: Swinging Strike
1-1: Ball
2-1: Ball
3-1: Base on Balls
Batting: RHB Tony Randolph 0-0: Ball
1-0: Called Strike
1-1: Ball
2-1: Foul Ball, location: 2F
2-2: Foul Ball, location: 2F
2-2: Fly out, F9 (Flyball, 9D, EV 87.5 MPH)
Bottom of the 9th over - 0 runs, 0 hits, 0 errors, 1 left on base; Nashville 4 - Montana 3
Friday, March 26th, 2021 - OOTP Baseball 20.8 Build 74